 Dungeon Crawl Stone Soup version 0.25-a0-425-g0e000e855e (webtiles) character file.

Game seed: 12516998641992932960, levelgen mode: deterministic

137 Nattfarinn the Skirmisher (level 5, -2/48 HPs)
             Began as a Minotaur Berserker on Jan 24, 2020.
             Was a Believer of Trog.
             Slain by an orc wizard
             ... wielding a +0 dagger
              (4 damage)
             ... on level 3 of the Dungeon.
             The game lasted 00:02:25 (1906 turns).

Nattfarinn the Skirmisher (Minotaur Berserker)      Turns: 1906, Time: 00:02:25

Health: -2/48      AC:  2    Str: 23    XL:     5   Next: 0%
Magic:  4/4        EV: 13    Int:  4    God:    Trog [**....]
Gold:   145        SH:  5    Dex:  9    Spells: 4/4 levels left

rFire    . . .     SeeInvis .   a - +0 mace
rCold    . . .     Gourm    .   (no shield)
rNeg     . . .     Faith    .   b - +0 animal skin
rPois    .         Spirit   .   (helmet restricted)
rElec    .         Reflect  +   (no cloak)
rCorr    .         Harm     .   (no gloves)
MR       .....                  (no boots)
Stlth    +.........             o - +5 amulet of reflection
HPRegen  0.16/turn              m - ring of flight
MPRegen  0.09/turn              (no ring)

@: berserk cooldown, slowed, very slow
A: retaliatory headbutt, horns 2
a: Berserk, Trog's Hand, Renounce Religion, Evoke Flight


You were on level 3 of the Dungeon.
You worshipped Trog.
Trog was pleased with you.
You were near starving.

You visited 1 branch of the dungeon, and saw 3 of its levels.

You collected 145 gold pieces.

Inventory:

Hand Weapons
 a - a +0 mace (weapon)
Armour
 b - a +0 animal skin (worn)
Jewellery
 l - an uncursed amulet of faith {unknown}
 m - a ring of flight (left hand)
 o - a +5 amulet of reflection (around neck)
Scrolls
 d - 3 scrolls of teleportation {unknown}
 e - a scroll of enchant weapon {unknown}
 f - a scroll of blinking {unknown}
 g - a scroll of fear {unknown}
 h - 3 scrolls of remove curse {unknown}
 i - a scroll of enchant armour {unknown}
 j - 2 scrolls of identify {unknown}
 p - a scroll of noise {unknown}
Potions
 k - a potion of cancellation {unknown}
 n - a potion of berserk rage {unknown}
Comestibles
 c - 2 rations


   Skills:
 * Level 5.2 Fighting
 + Level 4.4 Maces & Flails
 + Level 3.5 Armour
 + Level 3.1 Dodging


You had 4 spell levels left.
You didn't know any spells.
Your spell library was empty.

Dungeon Overview and Level Annotations

Branches:
Dungeon (3/15)

Altars:
Fedhas
Gozag
Makhleb
Qazlal
Zin


Innate Abilities, Weirdness & Mutations

You reflexively headbutt those who attack you in melee.
You have a pair of horns on your head.


Message History

You hit the orc wizard. You headbutt the orc wizard.
The orc wizard is moderately wounded.
The jackal misses you. You block the orc's attack.
The jackal barely misses you.
The orc wizard hits you but does no damage.
The orc misses you. You furiously retaliate!
You headbutt the orc. The jackal bites you.
* * * LOW HITPOINT WARNING * * *
You hit the orc wizard but do no damage.
Your headbutt misses the orc wizard.
The orc wizard is moderately wounded.
The jackal barely misses you. You furiously retaliate!
You headbutt the jackal!
You kill the jackal!
Trog accepts your kill.
You have reached level 5!
The orc wizard gestures at you while chanting.
You resist with some effort. The orc hits you with a +0 flail!
* * * LOW HITPOINT WARNING * * *
The orc wizard hits you with a +0 dagger.
You die...

####.## ..
##.(..###........
#..##............
###...#.#.........#
#.......#.........##
#.#...##..........o
#...........#.(...#
###....##......ooo#
#...##..###..[@)####
#......## #..†.....##
#......######.........
#...........).#......#
####...###############
#...# #...# #####


You could see 2 orc wizards and 2 orcs.

Vanquished Creatures
  An orc priest (D:3)
  An orc wizard (D:3)
  2 adders (D:2)
  4 worms (D:2)
  2 dart slugs (D:1)
  4 leopard geckos
  4 orcs (D:3)
  3 bats
  A giant cockroach (D:1)
  4 goblins
  3 hobgoblins
  5 jackals
  2 frilled lizards (D:2)
  2 kobolds (D:1)
  9 rats
47 creatures vanquished.

Notes
Turn   | Place    | Note
-------+----------+-------------------------------------------
     0 | D:1      | Nattfarinn the Minotaur Berserker began the quest for the
                  | Orb.
     0 | D:1      | Reached XP level 1. HP: 19/19 MP: 0/0
   206 | D:1      | Reached XP level 2. HP: 20/27 MP: 1/1
   213 | D:1      | Reached skill level 4 in Fighting
   803 | D:2      | Reached XP level 3. HP: 24/33 MP: 2/2
   965 | D:2      | Reached ** piety under Trog
  1317 | D:2      | Reached XP level 4. HP: 41/41 MP: 3/3
  1495 | D:2      | Found a burning altar of Makhleb.
  1729 | D:2      | Found a blossoming altar of Fedhas.
  1730 | D:2      | Found a stormy altar of Qazlal.
  1799 | D:2      | Found an opulent altar of Gozag.
  1800 | D:2      | Found a glowing silver altar of Zin.
  1900 | D:3      | Reached skill level 5 in Fighting
  1906 | D:3      | Reached XP level 5. HP: 11/48 MP: 4/4
  1906 | D:3      | HP: 2/48 [orc/+0 flail (9)]
  1906 | D:3      | Slain by an orc wizard

Levels and vault maps discovered:
D:1:      dpeg_arrival_yet_another_circle, layout_loops_ring
D:2:      layout_basic, grunt_temple_overflow_gold_and_silver,
          grunt_temple_overflow_forces_of_nature, marbit_many_paths
D:3:      layout_rooms, gammafunk_ghost_abyssal_escape, uniq_robin

Skill      XL: |  1  2  3  4 |
---------------+-------------+-----
Fighting       | 4 5 |  5.2
Maces & Flails | 4 |  4.4
Armour         | 3 |  3.5
Dodging        | 3 |  3.1

Action                   |  1- 3 |  4- 6 || total
-------------------------+-------+-------++-------
Melee: Mace              |    84 |    20 ||   104
       Headbutt          |    10 |     4 ||    14
Invok: Berserk           |       |     1 ||     1
  Use: Potion            |     2 |       ||     2
 Stab: Sleeping          |     1 |       ||     1
  Eat: Chunk             |     1 |     1 ||     2
Armor: Animal skin       |    15 |     2 ||    17
Dodge: Dodged            |    70 |     9 ||    79
Block: Other             |       |     4 ||     4

Table legend:
 A = Non-vault XP
 B = Vault XP
 C = Vault XP percentage of total XP
 D = Non-vault monster count
 E = Vault monster count
 F = Vault count percentage of total count
                 A         B        C        D         E       F
            +---------+---------+-------+---------+---------+-------
      Total |     194 |       3 |   1.5 |      46 |       1 |   2.1
            +---------+---------+-------+---------+---------+-------
        D:1 |      33 |       0 |   0.0 |      15 |       0 |   0.0
        D:2 |      68 |       3 |   4.2 |      22 |       1 |   4.3
        D:3 |      93 |       0 |   0.0 |       9 |       0 |   0.0
            +---------+---------+-------+---------+---------+-------
